 Dungeon Crawl Stone Soup version 0.29.1-2-gbd0b4ee654 (webtiles) character file.

Game seed: 13366150240925595317

255 zeram the Chiller (level 5, 0/45 HPs)
             Began as a Troll Ice Elementalist on Nov 4, 2022.
             Was a Follower of Dithmenos.
             Slain by a bullfrog (7 damage)
             ... in a sewer.
             The game lasted 00:07:28 (3609 turns).

zeram the Chiller (Troll Ice Elementalist)          Turns: 3609, Time: 00:07:29

Health: 0/45       AC:  5    Str: 16    XL:     5   Next: 91%
Magic:  5/6        EV: 10    Int: 13    God:    Dithmenos [*.....]
Gold:   127        SH:  0    Dex: 10    Spells: 2/7 levels left

rFire   . . .      SeeInvis .   l - +0 mace
rCold   . . .      Faith    .   (no shield)
rNeg    . . .      Spirit   .   a - +1 robe
rPois   +          Reflect  .   (helmet restricted)
rElec   .          Harm     .   (no cloak)
rCorr   .          Rampage  .   (gloves unavailable)
Will    .....                   (boots unavailable)
Stlth   ++........              (no amulet)
HPRegen 0.95/turn               n - ring of poison resistance
MPRegen 0.10/turn               (no ring)

@: flying, wreathed by umbra
A: large, unfitting armour, claws 3, regeneration 1, shaggy fur 1, tough skin 1
a: Renounce Religion


You were in a sewer.
You worshipped Dithmenos.
Dithmenos was aware of your devotion.
You visited 2 branches of the dungeon, and saw 5 of its levels.
You also visited: Sewer.

You collected 127 gold pieces.

Inventory:

Hand Weapons
 i - a +0 club
 l - a +0 mace (weapon)
Armour
 a - a +1 robe (worn)
Jewellery
 n - a ring of poison resistance (left claw)
Scrolls
 d - 2 scrolls of immolation
 f - 2 scrolls of magic mapping
 g - a scroll of enchant armour
 m - a scroll of identify
 r - a scroll of butterflies {unknown}
Potions
 b - 4 potions of magic
 c - a potion of berserk rage {unknown}
 e - 2 potions of lignification {unknown}
 h - 2 potions of curing
 j - a potion of attraction {unknown}
 k - a potion of flight
 o - a potion of haste {unknown}
 p - a potion of degeneration {unknown}
 q - a potion of heal wounds {unknown}


   Skills:
 + Level 2.3 Maces & Flails
 + Level 2.8 Dodging
 - Level 1.0 Stealth
 * Level 1.7 Spellcasting
 * Level 0.9 Summonings
 * Level 4.0 Ice Magic


You had 2 spell levels left.
You knew the following spells:

 Your Spells              Type           Power      Damage    Failure   Level
a - Freeze                Ice            44%        1d6       4%          1
b - Summon Ice Beast      Ice/Summ       7%         N/A       67%         4

Your spell library contained the following spells:

 Spells                   Type           Power      Damage    Failure   Level
 Summon Small Mammal      Summ           12%        N/A       19%         1
 Beastly Appendage        Tmut           2%         N/A       26%         1
 Wereblood                Tmut           1%         N/A       36%         2
 Frozen Ramparts          Ice            22%        1d4       16%         3
 Ozocubu's Armour         Ice            11%        N/A       16%         3
 Spider Form              Tmut/Pois      1%         N/A       61%         3
 Stone Arrow              Conj/Erth      2%         3d7       61%         3
 Hailstorm                Conj/Ice       6%         3d4       75%         4
 Animate Dead             Necr           1%         N/A       95%         4
 Summon Mana Viper        Hex/Summ       2%         N/A       99%         5
 Summon Cactus Giant      Summ           1%         N/A       100%        6
 Haunt                    Necr/Summ      1%         N/A       100%        7
 Monstrous Menagerie      Summ           1%         N/A       100%        7
 Borgnjor's Revivificati  Necr           0%         N/A       100%        8
 Infestation              Necr           0%         N/A       100%        8
 Necromutation            Tmut/Necr      0%         N/A       100%        8
 Death's Door             Necr           0%         N/A       100%        9
 Shatter                  Erth           0%         3d5*      100%        9


Dungeon Overview and Level Annotations

Branches:
Dungeon (4/15)             Temple (1/1) D:4           Sewer (1/1)

Altars:
Ashenzari
Dithmenos
Elyvilon
Fedhas
Kikubaaqudgha
Makhleb
Okawaru
Qazlal
Ru
Sif Muna
Vehumet
Wu Jian
Xom
Yredelemnul
Zin
The Shining One

Shops:
D:1 (

Annotations:
D:3 3 runed translucent doors, qeuew's ghost, amateur OpBr


Innate Abilities, Weirdness & Mutations

You are too large for most types of armour.
You have claws for hands.
Your natural rate of healing is unusually fast.
You are covered in fur. (AC +1)
You have tough skin. (AC +1)


Message History

The ball python bites you but does no damage.
The bullfrog misses you.
You are too injured to fight recklessly!
Unknown command.
You feel better. The bullfrog hits you.
The ball python bites you but does no damage.
The adder closely misses you. The bullfrog hits you.
The ball python misses you. The bullfrog hits you.
The ball python bites you but does no damage.
The adder completely misses you.
Okay, then.
You feel better. The bullfrog closely misses you.
The ball python closely misses you. The bullfrog hits you.
The bullfrog hits you but does no damage.
The adder closely misses you.
The ball python bites you but does no damage. x2
Casting: Freeze (safe; 4% risk of failure)
Confirm with . or Enter, or press ? or * to list all spells.
Aiming: Freeze (safe; 4% risk of failure)
Press: ? - help, Shift-Dir - straight line, f - adder
Aim: an adder (umbra)
You freeze the adder.
The adder is heavily wounded.
The bullfrog hits you. The bullfrog hits you!
* * * LOW HITPOINT WARNING * * *
The adder bites you.
* * * LOW HITPOINT WARNING * * *
The ball python barely misses you. The bullfrog hits you.
* * * LOW HITPOINT WARNING * * *
The ball python bites you but does no damage.
Casting: Freeze (safe; 4% risk of failure)
Confirm with . or Enter, or press ? or * to list all spells.
Okay, then.
It was a potion of flight.
You feel very buoyant.
You fly up into the air.
The bullfrog misses you. The adder closely misses you.
The bullfrog closely misses you. The ball python closely misses you.
The bullfrog closely misses you. The ball python barely misses you.
You feel better. The bullfrog hits you!
You die...

################### ###
##.#≈≈≈≈≈≈≈≈~~≈≈≈≈~#...#
...~≈≈~~~#~..~#~~≈~~....
...~~≈≈~~~#≈~≈~~SF~~....
...~~~~~≈~≈≈≈≈≈~@F≈~....
...~≈≈≈≈~≈≈≈≈≈≈~SS≈~....
....≈≈≈≈≈≈≈≈≈≈≈≈≈≈~#...#
..################## #+#
.#### .#..# .'..# #####
.##


You could see 2 bullfrogs, an adder and 2 ball pythons.

Vanquished Creatures
  A howler monkey (D:4)
  Natasha (twice) (D:3)
  5 adders
  2 river rats (Sewer)
  2 worms
  2 dart slugs
  An orc (D:4)
  11 ball pythons
  5 endoplasms
  6 giant cockroaches
  3 goblins
  9 hobgoblins
  3 quokkas
  4 bats
  6 frilled lizards
  10 kobolds
  33 rats
  A bush (D:2)
106 creatures vanquished.

Vanquished Creatures (others)
  4 plants (D:2)
4 creatures vanquished.

Grand Total: 110 creatures vanquished

Notes
Turn   | Place    | Note
-------+----------+-------------------------------------------
     0 | D:1      | zeram the Troll Ice Elementalist began the quest for the
                  | Orb.
     0 | D:1      | Reached XP level 1. HP: 16/16 MP: 1/1
    73 | D:1      | Reached skill level 3 in Ice Magic
   341 | D:1      | Found a faded altar of an unknown god.
   348 | D:1      | Reached XP level 2. HP: 16/24 MP: 2/2
   408 | D:1      | Found Duibupeb's Antique Weapon Shoppe.
   783 | D:2      | Reached XP level 3. HP: 31/31 MP: 4/4
   784 | D:2      | Got the Book of Iron Allies
  1157 | D:2      | Found a white marble altar of Elyvilon.
  1369 | D:2      | Reached XP level 4. HP: 37/39 MP: 5/5
  1402 | D:2      | Reached skill level 1 in Maces & Flails
  1534 | D:2      | Learned a level 4 spell: Summon Ice Beast
  2220 | D:3      | Found a runed translucent gate.
  2221 | D:3      | Found a runed translucent gate.
  2221 | D:3      | Found a runed translucent gate.
  2224 | D:3      | Noticed qeuew's ghost (amateur OpBr)
  2286 | D:3      | Noticed Natasha
  2297 | D:3      | Killed Natasha
  2545 | D:3      | Noticed Natasha
  2577 | D:3      | Killed Natasha
  2578 | D:3      | Reached XP level 5. HP: 7/45 MP: 6/6
  2829 | D:4      | Found a staircase to the Ecumenical Temple.
  2839 | Temple   | Entered the Ecumenical Temple
  3139 | Temple   | Became a worshipper of Dithmenos the Shadowed
  3270 | D:4      | Found a glowing drain.
  3274 | Sewer    | Entered a sewer
  3403 | Sewer    | Reached * piety under Dithmenos
  3488 | Sewer    | Reached skill level 4 in Ice Magic
  3607 | Sewer    | HP: 1/45 [bullfrog (6)]
  3609 | Sewer    | Slain by a bullfrog

Illustrated notes

Levels and vault maps discovered:
D:1:      dpeg_arrival_round_b, layout_loops_ring,
          chequers_ecumenical_altar_island, serial_shops, shop
D:2:      layout_basic, basic_altar, serial_forest,
          infiniplex_forest_clump_curved, infiniplex_forest_clump_small,
          infiniplex_forest_clump_curved, infiniplex_forest_end_1,
          infiniplex_forest_lined_room_, infiniplex_forest_split,
          infiniplex_forest_clump_medium, hangedman_abyss_or_decor_stabs
D:3:      layout_loops_ring, ebering_ghost_rock_garden, minivault_11,
          uniq_natasha
D:4:      layout_basic, mainiacjoe_overflow_24_doors,
          minmay_temple_entry_antechambers, gup_sewer_entry_bowl
Temple:   minmay_temple_bridge_d
Sewer:    sewer_minmay_w

Skill      XL: |  1  2  3  4  5 |
---------------+----------------+-----
Ice Magic      | 3 4 |  4.0
Dodging        | 2 |  2.8
Maces & Flails | 1 2 |  2.3
Stealth        | |  1.0
Spellcasting   | |  1.7
Summonings     | |  0.9

Action                   |  1- 3 |  4- 6 || total
-------------------------+-------+-------++-------
Melee: Unarmed           |    57 |    29 ||    86
       Club              |    36 |       ||    36
       Mace              |    77 |   299 ||   376
       Punch             |     2 |     1 ||     3
 Cast: Freeze            |       |     7 ||     7
  Use: Scroll            |     5 |     3 ||     8
       Potion            |       |     4 ||     4
 Stab: Sleeping          |     3 |     2 ||     5
       Distracted        |       |     1 ||     1
Armor: Robe              |    87 |   155 ||   242
Dodge: Dodged            |   114 |   237 ||   351
